 Dungeon Crawl Stone Soup version 0.25.1-2-g60ff931df9 (webtiles) character file.

Game seed: 11139106297551743408

360 Erymatos the Chopper (level 6, -3/55 HPs)
             Began as a Minotaur Berserker on Nov 10, 2020.
             Was a Priest of Trog.
             Slain by a mummy (14 damage)
             ... in an ossuary.
             The game lasted 00:05:28 (3068 turns).

Erymatos the Chopper (Minotaur Berserker)           Turns: 3068, Time: 00:05:28

Health: -3/55      AC:  9    Str: 23    XL:     6   Next: 38%
Magic:  5/5        EV: 12    Int:  4    God:    Trog [***...]
Gold:   143        SH:  0    Dex: 10    Spells: 5/5 levels left

rFire    . . .     SeeInvis +   a - +0 hand axe
rCold    + . .     Gourm    .   (no shield)
rNeg     . . .     Faith    .   w - +2 ring mail of the Dice {rC+ Stlth+}
rPois    .         Spirit   .   (helmet restricted)
rElec    .         Reflect  .   (no cloak)
rCorr    .         Harm     .   y - +0 pair of gloves
MR       ++...                  (no boots)
Stlth    +.........             o - amulet of the acrobat
HPRegen  1.18/turn              d - ring of attention
MPRegen  0.09/turn              r - ring of see invisible

@: berserk cooldown, starving, regenerating, slowed, very slow
A: retaliatory headbutt, horns 2
a: Berserk, Trog's Hand, Renounce Religion


You were in an ossuary.
You worshipped Trog.
Trog was most pleased with you.
You were starving.

You visited 1 branch of the dungeon, and saw 4 of its levels.
You also visited: Ossuary.

You collected 143 gold pieces.

Inventory:

Hand Weapons
 a - a +0 hand axe (weapon)
Armour
 w - the +2 ring mail of the Dice (worn) {rC+ Stlth+}
   (You took it off an orc on level 3 of the Dungeon)

   It protects you from cold.
   It makes you more stealthy.
 y - a +0 pair of gloves (worn)
Jewellery
 d - a ring of attention (left hand)
 o - an amulet of the acrobat (around neck)
 q - an uncursed ring of positive energy
 r - a ring of see invisible (right hand)
Wands
 b - a wand of paralysis (9)
Scrolls
 e - 4 scrolls of identify
 i - a scroll of random uselessness
 j - a scroll of enchant weapon {unknown}
 k - a scroll of noise {unknown}
 l - 2 scrolls of remove curse
 m - 2 scrolls of fear {unknown}
 p - a scroll of teleportation {unknown}
 s - 2 scrolls of enchant armour {unknown}
 v - a scroll of blinking {unknown}
Potions
 f - a potion of heal wounds {unknown}
 h - a potion of lignification {unknown}
 n - a potion of curing {unknown}
 t - a potion of brilliance {unknown}
 x - a potion of stabbing {unknown}
 z - a potion of magic {unknown}
Comestibles
 c - 9 rations


   Skills:
 + Level 4.9 Fighting
 + Level 6.7 Axes
 + Level 3.9 Armour
 + Level 3.2 Dodging
 + Level 0.6 Stealth


You had 5 spell levels left.
You didn't know any spells.
Your spell library was empty.

Dungeon Overview and Level Annotations

Branches:
Dungeon (4/15)            Ossuary (1/1)
 Temple: D:4-7

Altars:
Elyvilon
Hepliaklqana
Nemelex Xobeh
Qazlal
Vehumet
Wu Jian
The Shining One
Beogh


Innate Abilities, Weirdness & Mutations

You reflexively headbutt those who attack you in melee.
You have a pair of horns on your head.


Message History

You barely miss the hobgoblin zombie.
The hobgoblin zombie is severely damaged.
You hit the mummy but do no damage. You hit the big kobold zombie.
The big kobold zombie barely misses you.
The hobgoblin zombie closely misses you.
You furiously retaliate!
You headbutt the hobgoblin zombie.
You destroy the hobgoblin zombie!
Trog accepts your kill.
You barely miss the mummy. You headbutt the mummy.
The mummy is heavily damaged.
You hit the mummy but do no damage. You slash the big kobold zombie!
You barely miss the mummy.
Unknown command.
You hit the mummy but do no damage. Your headbutt misses the mummy.
The mummy is heavily damaged.
You hit the mummy but do no damage. x2; You hit the mummy. x2
The mummy hits you.
* * * LOW HITPOINT WARNING * * *
The mummy hits you!
You die...

.. #### ... ...
##..## ....
...##....##....
...............
...............
..............#
#.....Z..#
#..MMM.#
##.M@M## #....#
#....# #....#
#....# #....#
#....# #....#
#.∩∩.#


You could see 5 mummies and a big kobold zombie.

Vanquished Creatures
  The ghost of Tinylith the Shield-Bearer, an amateur FoFi (D:3)
  A mummy (Ossuary)
  9 adders
  A river rat (D:3)
  An ooze (D:3)
  2 worms (D:3)
  3 leopard geckos
  17 orcs
  2 ball pythons
  9 bats
  4 giant cockroaches
  7 goblins
  4 hobgoblins
  10 jackals
  3 frilled lizards
  3 hobgoblin zombies (Ossuary)
  10 kobolds
  A kobold zombie (Ossuary)
  3 orc zombies (Ossuary)
  9 rats
100 creatures vanquished.

Notes
Turn   | Place    | Note
-------+----------+-------------------------------------------
     0 | D:1      | Erymatos the Minotaur Berserker began the quest for the
                  | Orb.
     0 | D:1      | Reached XP level 1. HP: 19/19 MP: 0/0
    26 | D:1      | Reached XP level 2. HP: 19/27 MP: 1/1
    29 | D:1      | Reached skill level 4 in Axes
   438 | D:1      | Reached XP level 3. HP: 31/33 MP: 2/2
   490 | D:1      | Reached ** piety under Trog
   969 | D:2      | Found a sparkling altar of Nemelex Xobeh.
  1151 | D:2      | Found a white marble altar of Elyvilon.
  1196 | D:2      | Found a hazy altar of Hepliaklqana.
  1227 | D:2      | Found a radiant altar of Vehumet.
  1285 | D:2      | Reached XP level 4. HP: 40/41 MP: 3/3
  1722 | D:3      | Found a glowing drain.
  1738 | D:3      | Reached skill level 5 in Axes
  1924 | D:3      | Found an ornate altar of the Wu Jian Council.
  2011 | D:3      | Reached XP level 5. HP: 47/47 MP: 4/4
  2041 | D:3      | Found a runed translucent gate.
  2120 | D:3      | Noticed Tinylith's ghost (amateur FoFi)
  2122 | D:3      | Found a runed translucent gate.
  2123 | D:3      | Found a runed translucent gate.
  2123 | D:3      | Found a roughly hewn altar of Beogh.
  2563 | D:3      | Identified the +2 ring mail of the Dice {rC+ Stlth+}
  2609 | D:3      | Found a hazy altar of Hepliaklqana.
  2609 | D:3      | Found a stormy altar of Qazlal.
  2729 | D:3      | Reached *** piety under Trog
  2741 | D:3      | Killed Tinylith's ghost
  2741 | D:3      | Reached skill level 6 in Axes
  2741 | D:3      | Reached XP level 6. HP: 55/55 MP: 5/5
  2928 | D:4      | Found a glowing golden altar of the Shining One.
  3041 | D:4      | Found a sand-covered staircase.
  3046 | Ossuary  | Entered an ossuary
  3068 | Ossuary  | Slain by a mummy

Illustrated notes

Levels and vault maps discovered:
D:1:      psy_arrival_radial02, layout_rooms
D:2:      layout_loops_cross, fiery_altar_vehumet,
          nemelex_xobeh_ov_fountains_minmay, lemuel_round_altar,
          lemuel_altar_in_water2
D:3:      layout_loops_ring, lemuel_crystal_altar,
          gammafunk_temple_overflow_statue, portal_sewer_entry_a,
          biasface_ghost_orc_armoury
D:4:      layout_loops_ring, nicolae_overflow_hidden_temple,
          evilmike_ruin_ashenzari, enter_ossuary_5, first_ration,
          nicolae_tso_carved_into_rock
Ossuary:  ossuary_tomb_3

Skill      XL: |  1  2  3  4  5 |
---------------+----------------+-----
Fighting       | 4 |  4.9
Axes           | 4 5 6 |  6.7
Armour         | 3 |  3.9
Dodging        | 3 |  3.2
Stealth        | |  0.6

Action                   |  1- 3 |  4- 6 || total
-------------------------+-------+-------++-------
Melee: Hand axe          |    62 |   116 ||   178
       Headbutt          |    11 |    17 ||    28
Invok: Berserk           |     1 |     2 ||     3
       Trog's Hand       |       |     1 ||     1
  Use: Scroll            |     1 |     2 ||     3
  Eat: Chunk             |     2 |     6 ||     8
Armor: Animal skin       |     2 |       ||     2
       Scale mail        |    17 |    30 ||    47
       Leather armour    |       |     5 ||     5
       Ring mail         |       |     7 ||     7
Dodge: Dodged            |    45 |    82 ||   127
